AoeStats
← [SEID]PrimeroDeLínea

Arena

510018213Analyzed
3v3 RM · 4d ago on Sep 29, 2026· 21m 29s· 6 players
Game mode
Random Map
Map size
Normal (6 player)
Population
200
Speed
Normal
Resources
Standard
Victory
Conquest
Starting age
Dark Age
Ending age
Imperial Age
RankedLock teamsTeams togetherTeam positionsShared explorationLock speedFull tech treeHidden civsTurbo modeCheats
Victory
Defeat
🇦🇷 Khmer · Argentina
1705
+6
🇦🇷 Romans · Argentina
1617
+8
🇦🇷 Khmer · Argentina
1440
+15
🇨🇴 Britons · Colombia
1496
-12
🇦🇷 Hindustanis · Argentina
1410
-9
🇦🇷 Turks · Argentina
1380
-8
[SEID] Aletheia
2:48 Loom
9:42 Feudal Age
13:27 Castle Age
11:43 Double-Bit Axe
14:38 Bow Saw
fassu
11:06 Feudal Age
11:26 Loom
14:08 Castle Age
12:54 Double-Bit Axe
17:05 Bow Saw
20:53 Wheelbarrow
20:28 Horse Collar
21:37 Stone Mining
[SEID]PrimeroDeLínea
8:54 Feudal Age
9:26 Double-Bit Axe
9:22 Horse Collar
17:08 Castle Age
16:38 Bloodlines
17:17 Scale Barding Armor
17:55 Light Cavalry
19:54 Chain Barding Armor
jj
10:33 Feudal Age
15:09 Castle Age
13:04 Double-Bit Axe
13:03 Horse Collar
14:58 Forging
18:12 Bloodlines
19:00 Scale Barding Armor
21:00 Husbandry
PIPO GOROSITO
11:30 Feudal Age
16:02 Castle Age
20:38 Imperial Age
18:26 Gold Mining
19:37 Padded Archer Armor
20:23 Double-Bit Axe
21:27 Gold Shaft Mining
JairoElChigüi
10:37 Feudal Age
14:16 Castle Age
13:30 Wheelbarrow
12:43 Double-Bit Axe
13:37 Loom
14:27 Wheelbarrow
14:37 Horse Collar
15:34 Bow Saw
15:28 Gold Mining
16:03 Fletching
Connection lost

Rejoining the realm…

Still unreachable

The connection could not be restored.

Session expired

The server has moved on; the page needs a fresh start.